 Dungeon Crawl Stone Soup version 0.20.1-1-g8b1a95d (webtiles) character file.

77 Monsterracer the Shooter (level 4, -1/36 HPs)
             Began as a Centaur Arcane Marksman on July 7, 2017.
             Killed by divine providence
             ... invoked by an orc priest
              (13 damage)
             ... on level 3 of the Dungeon.
             The game lasted 00:05:23 (2308 turns).

Monsterracer the Shooter (Centaur Arcane Marksman)  Turns: 2308, Time: 00:05:24

Health: -1/36      AC:  4    Str: 13    XL:     4   Next: 13%
Magic:  5/5        EV: 10    Int: 12    God:
Gold:   92         SH:  0    Dex: 10    Spells: 1/5 levels left

rFire    + . .     SeeInvis .   a - +0 shortbow
rCold    . . .     Gourm    .   (shield currently unavailable)
rNeg     . . .     Faith    .   m - +0 robe (curse)
rPois    .         Spirit   .   (no helmet)
rElec    .         Reflect  .   (no cloak)
rCorr    .         Harm     .   (no gloves)
MR       .....                  (no barding)
Stlth    +.........             o - amulet of regeneration
Regen    0.6/turn               p - ring of protection from fire
MPRegen  0.1/turn               (no ring)

@: very quick
A: hooves 3, deformed body, speed 2, tough skin 3
a: no special abilities


You were on level 3 of the Dungeon.
You were not hungry.

You visited 1 branch of the dungeon, and saw 3 of its levels.

You collected 92 gold pieces.

Inventory:

Hand Weapons
 a - a +0 shortbow (weapon)
 b - a +0 short sword
Missiles
 d - 66 arrows (quivered)
Armour
 m - a cursed +0 robe (worn)
Jewellery
 o - an amulet of regeneration (around neck)
 p - a ring of protection from fire (left hand)
Scrolls
 c - a scroll of random uselessness {unknown}
 e - a scroll of blinking {unknown}
 h - 2 scrolls of remove curse
 i - a scroll of enchant weapon {unknown}
 j - a scroll of enchant armour {unknown}
 k - 3 scrolls of amnesia {unknown}
 n - a scroll of fog {unknown}
Potions
 g - 2 potions of haste
Comestibles
 f - 2 bread rations
 l - 2 meat rations
 q - a chunk of flesh


   Skills:
 + Level 2.1 Fighting
 * Level 4.5 Bows
 + Level 2.0 Dodging
 - Level 1.0 Spellcasting
 - Level 2.6 Hexes


You had one spell level left.
You knew the following spells:

 Your Spells              Type           Power        Failure   Level  Hunger
a - Corona                Hex            #......      10%         1    ##.....
b - Portal Projectile     Hex/Tloc       #.....       45%         3    ####...


Dungeon Overview and Level Annotations

Branches:
Dungeon (3/15)

Altars:


Innate Abilities, Weirdness & Mutations

You have hooves in place of feet.
Armour fits poorly on your strangely shaped body.
You cover ground very quickly.
You have extremely tough skin. (AC +3)


Message History

Huge Dmg: -17%(-6hp) hp: 53%(19hp) Firing (i - inventory):
d - 68 arrows (quivered)
Press: ? - help, Shift-Dir - straight line, f/p - orc wizard
Aim: an orc wizard, wielding a dagger and wearing a robe (moderately wounded, fast)
You shoot an arrow. The arrow hits the orc wizard.
The orc wizard is moderately wounded.
The orc wizard hits you with a dagger.
* * * LOW HITPOINT WARNING * * *
Huge Dmg: -16%(-6hp) hp: 37%(13hp) Firing (i - inventory):
d - 67 arrows (quivered)
Press: ? - help, Shift-Dir - straight line, f/p - orc wizard
Aim: an orc wizard, wielding a dagger and wearing a robe (moderately wounded, fast)
You shoot an arrow.
The arrow hits the orc wizard but does no damage.
The orc wizard is moderately wounded.
The orc wizard hits you with a dagger.
* * * LOW HITPOINT WARNING * * *
The orc priest calls down the wrath of Beogh upon you.
Beogh smites you!
You die...

# #. #.. ##...
......############
..((..o(o@.......#
.!....##########.#
o.... #.# .o.. #.#
s.. #.# .. #.#
############# #.#
#..........# #.#
#.........<# #.#


You could see an orc priest and an orc wizard.

Vanquished Creatures
  An iguana (D:2)
  2 adders
  A leopard gecko (D:2)
  2 orcs (D:2)
  A giant cockroach (D:2)
  2 hobgoblins
  4 kobolds
  2 quokkas (D:2)
  6 bats
  2 frilled lizards
  5 goblins
  3 rats (D:1)
31 creatures vanquished.

Notes
Turn   | Place    | Note
-------+----------+-------------------------------------------
     0 | D:1      | Monsterracer the Centaur Arcane Marksman began the quest for the Orb.
     0 | D:1      | Reached XP level 1. HP: 16/16 MP: 2/2
   254 | D:1      | Reached skill level 3 in Bows
   306 | D:1      | Reached XP level 2. HP: 22/23 MP: 3/3
  1373 | D:2      | Reached XP level 3. HP: 28/29 MP: 4/4
  1378 | D:2      | Learned a level 3 spell: Portal Projectile
  1811 | D:2      | Reached skill level 4 in Bows
  2254 | D:3      | Reached XP level 4. HP: 36/36 MP: 5/5
  2308 | D:3      | Killed from afar by an orc priest

Skill      XL: |  1  2  3 |
---------------+----------+-----
Bows           | 3 4 |  4.5
Fighting       | 2 |  2.1
Dodging        | 2 |  2.0
Spellcasting   | |  1.0
Hexes          | |  2.6

Action                   |  1- 3 |  4- 6 || total
-------------------------+-------+-------++-------
Melee: Club              |    17 |       ||    17
       Unarmed           |    11 |       ||    11
       Kick              |    15 |     3 ||    18
       Short sword       |    49 |     8 ||    57
 Fire: Shortbow          |    27 |     5 ||    32
  Use: Potion            |     5 |       ||     5
       Scroll            |     1 |       ||     1
  Eat: Chunk             |     3 |       ||     3
Armor: Leather armour    |    16 |       ||    16
       Robe              |    22 |     3 ||    25
Dodge: Dodged            |    46 |     6 ||    52
